 Dungeon Crawl Stone Soup version 0.31-a0-1611-g890cdf5628 (webtiles) character file.

Game seed: 14371248910667651770

209 wildpjah the Covered (level 5, -5/45 HPs)
             Began as an Armataur Fighter on Jan 9, 2024.
             Slain by Grinder (8 damage)
             ... on level 3 of the Dungeon.
             The game lasted 00:06:11 (2216 turns).

wildpjah the Covered (Armataur Fighter)             Turns: 2216, Time: 00:06:12

Health: -5/45      AC:  8    Str: 23    XL:     5   Next: 55%
Magic:  5/5        EV:  7    Int:  8    God:
Gold:   124        SH:  4    Dex: 10    Spells: 4/4 levels left

rFire   . . .        a - +0 flail
rCold   . . .        c - +0 buckler
rNeg    + . .        b - +0 scale mail
rPois   .            (no helmet)
rElec   .            (no cloak)
rCorr   .            f - +0 pair of gloves
SInv    .            (no barding)
Will    .....        (no amulet) Stlth
                     q - ring of positive energy
HPRegen 0.27/turn    (no ring)
MPRegen 1.08/turn

%: roll
@: no status effects
A: large, deformed body, tough skin 3, armoured tail, roll 1
a: no special abilities


You were on level 3 of the Dungeon.
You visited 1 branch of the dungeon, and saw 5 of its levels.

You collected 124 gold pieces.

Inventory:

Hand Weapons
 a - a +0 flail (weapon)
Missiles
 j - 2 poisoned darts
 k - 6 boomerangs
 l - 24 stones
 s - 2 throwing nets (quivered)
Armour
 b - a +0 scale mail (worn)
 c - a +0 buckler (worn)
 f - a +0 pair of gloves (worn)
Magical Staves
 m - a staff of alchemy
Jewellery
 q - a ring of positive energy (left hand)
Wands
 x - a wand of roots (11)
Scrolls
 e - a scroll of poison {unknown}
 g - 3 scrolls of noise {unknown}
 h - a scroll of brand weapon {unknown}
 o - a scroll of butterflies {unknown}
 r - a scroll of fear {unknown}
 t - 5 scrolls of identify {unknown}
 u - a scroll of amnesia {unknown}
 v - a scroll of blinking {unknown}
 y - a scroll of teleportation {unknown}
Potions
 d - a potion of might
 i - 3 potions of curing {unknown}
 n - 4 potions of brilliance {unknown}
 p - a potion of mutation {unknown}
 w - a potion of berserk rage {unknown}


   Skills:
 + Level 3.3 Fighting
 + Level 3.5 Maces & Flails
 + Level 5.1 Armour
 + Level 0.8 Dodging
 + Level 3.8 Shields


You had 4 spell levels left.
You didn't know any spells.
Your spell library contained the following spells:

 Spells                   Type           Power      Damage    Failure   Level
 Freeze                   Ice            0%         1d3       77%         1
 Necrotise                Necr           0%         1d4       77%         1
 Blink                    Tloc           0%         N/A       88%         2
 Lesser Beckoning         Tloc           0%         N/A       88%         2
 Momentum Strike          Conj/Tloc      0%         3d8       88%         2
 Frozen Ramparts          Ice            0%         1d1       98%         3
 Hailstorm                Conj/Ice       0%         3d5       98%         3
 Vampiric Draining        Necr           0%         2d6       98%         3
 Martyr's Knell           Necr/Summ      0%         N/A       100%        4
 Curse of Agony           Necr           0%         N/A       100%        5


Dungeon Overview and Level Annotations

Branches:
Dungeon (5/15)
 Temple: D:4-7

Altars:
Ashenzari
Yredelemnul

Shops:
D:1 ?

Annotations:
D:3 Grinder


Innate Abilities, Weirdness & Mutations

Armour fits poorly on your strangely shaped body.
You have extremely tough skin. (AC +3)
You have a long armoured tail.
You regenerate magic when rolling toward enemies. (Rampage MPRegen)


Message History

Grinder hits you but does no damage.
You sock Grinder!
Grinder is almost dead.
Grinder gestures at you.
You suddenly lose the ability to move!
Grinder gestures at you. Pain shoots through your body! Grinder hits you.
* * * LOW HITPOINT WARNING * * *
Grinder blinks!
You can move again.
Grinder gestures at you. Pain shoots through your body!
* * * LOW HITPOINT WARNING * * *
Grinder gestures at you.
You barely resist. Grinder gestures at you. Pain shoots through your body!
* * * LOW HITPOINT WARNING * * *
You roll towards Grinder!
Grinder blinks!
You roll towards Grinder!
Grinder grins, showing sharp teeth.
You closely miss Grinder.
Grinder is severely wounded.
Grinder gestures at you.
You suddenly lose the ability to move!
Grinder says, "Mostly I couldn't keep them alive."
Grinder completely misses you. Grinder hits you.
* * * LOW HITPOINT WARNING * * *
Grinder gestures at you. Pain shoots through your body!
* * * LOW HITPOINT WARNING * * *
Grinder hits you but does no damage.
You can move again.
You barely miss Grinder. You tail-slap Grinder.
Grinder is almost dead.
Grinder hits you!
You die...
Grinder sighs, "Dead already?
I want a refund."

#.%.....
#......#
#......#
#......#
#......#
#......# #
#......####.#
#.......@5..#
..##
#......######
.#.#.#
####.#.#
#.#.#.# #.#.#
#.#.#. #.#.#
#.#.# #.#.#
.#.#. #.#.#
.#.#.# #.#.#
.#.#.#. #.#.#
.#.#.#.#


You could see Grinder.

Vanquished Creatures
  Ijyb (D:3)
  Natasha (twice) (D:2)
  Robin (D:3)
  4 adders
  2 dart slugs
  2 ribbon worms
  An orc (D:4)
  8 bats
  2 endoplasms (D:2)
  A giant cockroach (D:2)
  8 goblins
  11 hobgoblins
  12 jackals
  2 quokkas
  A ball python (D:1)
  3 frilled lizards
  7 kobolds
  8 rats
76 creatures vanquished.

Notes
Turn   | Place    | Note
-------+----------+-------------------------------------------
     0 | D:1      | wildpjah the Armataur Fighter began the quest for the Orb.
     0 | D:1      | Reached XP level 1. HP: 18/18 MP: 1/1
   240 | D:1      | Reached XP level 2. HP: 21/25 MP: 2/2
   473 | D:1      | Found Agaussimp's Magic Scroll Emporium.
   875 | D:2      | Reached skill level 4 in Armour
  1018 | D:2      | Reached XP level 3. HP: 30/30 MP: 3/3
  1165 | D:2      | Noticed Natasha
  1176 | D:2      | Killed Natasha
  1177 | D:2      | Reached XP level 4. HP: 7/38 MP: 4/4
  1529 | D:2      | Noticed Natasha
  1533 | D:2      | Killed Natasha
  1637 | D:3      | Found a broken altar of Ashenzari.
  1789 | D:3      | Noticed Robin
  1789 | D:3      | Noticed Ijyb
  1805 | D:3      | Killed Ijyb
  1806 | D:3      | Reached skill level 5 in Armour
  1806 | D:3      | Reached XP level 5. HP: 23/45 MP: 5/5
  1819 | D:3      | Killed Robin
  1967 | D:3      | You fall into a shaft and drop 2 floors!
  1967 | D:5      | Entered Level 5 of the Dungeon
  2097 | D:3      | Found a basalt altar of Yredelemnul.
  2186 | D:3      | Noticed Grinder
  2201 | D:3      | Paralysed by Grinder for 4 turns
  2211 | D:3      | Paralysed by Grinder for 5 turns
  2216 | D:3      | Slain by Grinder

Illustrated notes

Levels and vault maps discovered:
D:1:      dpeg_arrival_round_a, layout_loops_ring, serial_shops,
          nicolae_shop_real_fake_doors, serial_park_tiny_2
D:2:      layout_rooms, roderic_serpentine_path, minmay_crystal_room,
          uniq_natasha
D:3:      layout_basic, amcnicky_altar_gilded, ashenzari_conservatory_becter,
          chequers_serial_rivers_marsh, minmay_strange_pillars,
          nicolae_goblin_pals, uniq_grinder
D:4:      minmay_angry_zag, layout_basic, mainiacjoe_overflow_alcove_1,
          minmay_temple_entry_proselytizer, portal_sewer_entry_f,
          nicolae_wooded_promenade, minmay_fractal_squares_gapless_5,
          uniq_crazy_yiuf_cottage
D:5:      kennysheep_spiral_hall, layout_loops_ring, nicolae_uskayaw_dance_hall,
          uniq_duvessa, uniq_pikel, uniq_sigmund

Skill      XL: |  1  2  3  4 |
---------------+-------------+-----
Maces & Flails | 2 3 |  3.5
Armour         | 4 5 |  5.1
Fighting       | 3 |  3.3
Dodging        | |  0.8
Shields        | |  3.8

Action                     |  1- 3 |  4- 6 || total
---------------------------+-------+-------++-------
  Melee: Flail             |   111 |   112 ||   223
         Tailslap          |     8 |    16 ||    24
  Throw: Boomerang         |       |     1 ||     1
 Armour: Scale mail        |   108 |    79 ||   187
  Dodge: Dodged            |    38 |    30 ||    68
  Block: Buckler           |    25 |    25 ||    50

Table legend: (Time is in decaauts)
 A = Elapsed time spent in this place.
 B = Non-inter-level travel time spent in this place.
 C = Inter-level travel time spent in this place.
 D = Time resting spent in this place.
 E = Time spent auto-exploring this place.
 F = Levels seen in this place.
 G = Mean time per level.
                   A        B        C        D        E       F      G
               +--------+--------+--------+--------+--------+-----+--------+
         Total |   2286 |   2215 |     71 |      0 |   1672 |   5 |  457.2 |
       Dungeon |   2286 |   2215 |     71 |      0 |   1672 |   5 |  457.2 |
               +--------+--------+--------+--------+--------+-----+--------+

Top non-repeatable levels by time:
     D:1: 851 daAuts
     D:2: 831 daAuts
     D:3: 513 daAuts
     D:4: 57 daAuts
     D:5: 31 daAuts
